 Dungeon Crawl Stone Soup version 0.16.1-18-g436b03c (webtiles) character file.

2426 theElss the Basher (level 9, -5/56 HPs)
             Began as a Gargoyle Berserker on May 9, 2015.
             Was a High Priest of Trog.
             Shot with a bolt by an orc warrior (13 damage)
             ... in a bailey.
             The game lasted 00:18:41 (6392 turns).

theElss the Basher (Gargoyle Berserker)             Turns: 6392, Time: 00:18:41

Health: -5/56      AC: 19    Str: 23    XL:     9   Next: 48%
Magic:  9/9        EV: 10    Int:  8    God:    Trog [*****.]
Gold:   369        SH:  0    Dex: 10    Spells: 0 memorised, 8 levels left

rFire  . . .     SeeInvis .     D - +3 whip (venom)
rCold  . . .     Clarity  .     g - +0 chain mail
rNeg   + . .     SustAb   +     (no shield)
rPois  ∞         Gourm    .     (no helmet)
rElec  +         Spirit   .     (no cloak)
rCorr  +         Warding  .     (no gloves)
rMut   .         Stasis   .     e - +2 pair of boots
MR     +....                    H - amulet of resist corrosion
Stlth  ..........               P - ring of protection from magic
                                F - ring of sustain abilities

@: somewhat resistant to hostile enchantments, extremely unstealthy
A: negative energy resistance 1, electricity resistance, unbreathing,
petrification resistance, rot immunity, AC +5
a: Burn Spellbooks, Berserk, Trog's Hand, Brothers in Arms, Renounce Religion


You were in a bailey.
You worshipped Trog.
Trog was extremely pleased with you.
You were hungry.

You visited 1 branch of the dungeon, and saw 7 of its levels.
You also visited: Bailey.

You collected 369 gold pieces.

Inventory:

Hand weapons
 a - a +0 mace
 y - a +0 morningstar
 D - a +3 whip of venom (weapon)
 E - a +1 whip of flaming
Armour
 e - a +2 pair of boots (worn)
 g - a +0 chain mail (worn)
Jewellery
 f - an uncursed ring of teleportation
 k - an uncursed ring of loudness
 u - an uncursed ring of magical power
 F - a ring of sustain abilities (left hand)
 H - an amulet of resist corrosion (around neck)
 M - an uncursed amulet of resist mutation
 P - a ring of protection from magic (right hand)
Magical devices
 K - a wand of paralysis (8)
 Q - a wand of lightning (0)
Scrolls
 d - a scroll of immolation
 h - 2 scrolls of teleportation
 p - 2 scrolls of recharging
 q - 2 scrolls of enchant armour
 r - a scroll of noise
 s - a scroll of enchant weapon
 t - 2 scrolls of magic mapping
 B - 2 scrolls of fog
 G - a scroll of remove curse
 L - a scroll of fear {unknown}
 N - a scroll of holy word {unknown}
Potions
 b - 3 potions of might {unknown}
 i - 2 potions of ambrosia {unknown}
 j - 3 potions of flight {unknown}
 m - a potion of agility {unknown}
 v - 2 potions of heal wounds {unknown}
 w - 2 potions of mutation {unknown}
 x - 4 potions of invisibility {unknown}
 A - a potion of brilliance {unknown}
 C - 3 potions of curing {unknown}
 I - a potion of berserk rage {unknown}
 J - a potion of restore abilities {unknown}
Comestibles
 c - 4 bread rations
 l - 4 beef jerkies
 n - 2 fruits
 o - 2 meat rations
 z - a slice of pizza


   Skills:
 + Level 6.8 Fighting
 * Level 8.3 Maces & Flails
 + Level 6.6 Armour
 + Level 5.0 Dodging


You had 8 spell levels left.
You didn't know any spells.

Dungeon Overview and Level Annotations

Branches:
Dungeon (7/15)             Temple (0/1) D:6

Altars:
Cheibriados
Dithmenos
Elyvilon
Fedhas
Gozag
Kikubaaqudgha
Makhleb
Qazlal
Trog
Vehumet
Zin
Jiyva


Innate Abilities, Weirdness & Mutations

You are resistant to torment.
You are immune to poison.
Your stone body is very resilient (AC +5).
You resist negative energy.
You are resistant to electric shocks.
You can survive without breathing.
You are immune to petrification.
You are immune to rotting.


Message History

The world spins around you as you enter the gateway.
Welcome to a bailey!
The orc shouts!
The orc warrior shouts!
The orc warrior shouts!
Found two gates leading back out of this place.
There is an empty arch of ancient stone here.
The orc warrior shouts! x4
The orc shouts!
The orc warrior shoots a bolt.
The bolt hits you!
The orc warrior shoots a bolt.
The bolt hits you!
You see here a bolt.
The orc warrior shoots a bolt.
The bolt hits you but does no damage.
The orc warrior shoots a bolt.
The bolt closely misses you.
You see here a bolt.
The orc warrior shoots a bolt.
The bolt hits you!
The orc warrior hits you from afar with a halberd!
* * * LOW HITPOINT WARNING * * *
You see here a bolt.
Unknown command.
The orc warrior shoots a bolt.
The bolt hits you!
You die...

### #########∩##
##.....##.∩.# ...
#..≈≈≈..#...#..≈≈≈
#.≈≈o≈≈..(....≈≈o≈≈
+.≈ooo≈((.....≈ooo
#.≈≈o≈≈(......≈≈o≈
#..≈≈≈@.#...#..≈≈≈
##.....##...##...
#########∩## ## ###


You could see 4 orc warriors and an orc.

Vanquished Creatures
  Pikel (D:4)
  A black bear (D:6)
  An orc warrior (D:6)
  3 phantoms
  4 ogres
  A sky beast (D:6)
  2 centaurs
  A giant frog (D:4)
  2 jellies
  4 killer bees (D:6)
  A scorpion (D:6)
  3 orc priests
  A crimson imp (D:5)
  2 goliath beetles
  2 centaur skeletons
  A hound (D:6)
  2 orc wizards
  4 worker ants (D:4)
  A hound skeleton (D:4)
  7 gnolls
  6 adders
  A shadow imp (D:5)
  A giant mite (D:6)
  A worm (D:2)
  An adder zombie (D:6)
  An adder skeleton (D:6)
  6 oozes
  17 orcs
  2 ball pythons
  3 giant cockroaches
  6 goblins
  13 hobgoblins
  15 jackals
  3 quokkas
  13 bats
  2 giant geckos
  4 giant newts
  22 kobolds
  A quokka skeleton (D:5)
  A quokka zombie (D:3)
  9 rats
172 creatures vanquished.

Vanquished Creatures (others)
  A worker ant (D:4)
  An ooze (D:4)
  A goblin (D:4)
3 creatures vanquished.

Grand Total: 175 creatures vanquished

Notes
Turn   | Place    | Note
--------------------------------------------------------------
     0 | D:1      | theElss, the Gargoyle Berserker, began the quest for the Orb.
     0 | D:1      | Reached XP level 1. HP: 14/14 MP: 1/1
   240 | D:1      | Reached XP level 2. HP: 17/19 MP: 2/2
   669 | D:2      | Reached XP level 3. HP: 19/23 MP: 3/3
   685 | D:2      | Reached XP level 4. HP: 29/29 MP: 4/4
   731 | D:2      | Acquired Trog's second power
   851 | D:2      | Found a snail-covered altar of Cheibriados.
   851 | D:2      | Found a stormy altar of Qazlal.
   852 | D:2      | Found a radiant altar of Vehumet.
  1192 | D:2      | Reached skill level 4 in Maces & Flails
  1647 | D:3      | Reached XP level 5. HP: 31/33 MP: 5/5
  2128 | D:3      | Found an ancient bone altar of Kikubaaqudgha.
  2206 | D:3      | Found an opulent altar of Gozag.
  2618 | D:3      | Found a blossoming altar of Fedhas.
  2816 | D:4      | Reached XP level 6. HP: 26/39 MP: 6/6
  3039 | D:4      | Reached skill level 5 in Maces & Flails
  3132 | D:4      | Acquired Trog's third power
  3232 | D:4      | Reached XP level 7. HP: 44/44 MP: 7/7
  3242 | D:4      | Noticed a phantom
  3267 | D:4      | Killed a phantom
  3274 | D:4      | Noticed a slave
  3274 | D:4      | Noticed Pikel
  3275 | D:4      | Noticed a slave
  3275 | D:4      | Noticed a slave
  3299 | D:4      | Killed Pikel
  3299 | D:4      | Reached skill level 5 in Fighting
  3299 | D:4      | Reached skill level 6 in Maces & Flails
  3299 | D:4      | Reached skill level 5 in Armour
  3299 | D:4      | Reached XP level 8. HP: 50/50 MP: 8/8
  3301 | D:4      | Noticed a freed slave
  3356 | D:4      | Found a bloodstained altar of Trog.
  3446 | D:4      | Found a viscous altar of Jiyva.
  3706 | D:4      | Found a shadowy altar of Dithmenos.
  3765 | D:4      | Found a glowing silver altar of Zin.
  3818 | D:5      | Entered Level 5 of the Dungeon
  4910 | D:5      | Reached skill level 7 in Maces & Flails
  5087 | D:6      | Reached XP level 9. HP: 56/56 MP: 9/9
  5298 | D:6      | Found a white marble altar of Elyvilon.
  5423 | D:6      | Found a staircase to the Ecumenical Temple.
  5690 | D:6      | Reached skill level 8 in Maces & Flails
  5880 | D:6      | Found a burning altar of Makhleb.
  5880 | D:6      | Noticed a blizzard demon
  6135 | D:6      | Reached skill level 5 in Dodging
  6374 | D:7      | Found a flagged portal.
  6387 | Bailey   | Entered a bailey
  6392 | Bailey   | Shot with a bolt by an orc warrior

Action                   |  1- 3 |  4- 6 |  7- 9 || total
-------------------------+-------+-------+-------++-------
Melee: Mace              |    73 |   251 |       ||   324
       Morningstar       |       |    23 |    27 ||    50
       Whip              |       |       |   320 ||   320
Invok: Berserk           |     1 |     1 |     4 ||     6
  Use: Scroll            |       |     7 |     2 ||     9
  Eat: Chunk             |       |    10 |    12 ||    22
       Fruit             |       |       |     2 ||     2
